 Dungeon Crawl Stone Soup version 0.23.1 (webtiles) character file.

Game seed: 3236047364784340076

252 Norn the Slinger (level 6, -2/42 HPs)
             Began as a Halfling Hunter on Mar 15, 2019.
             Slain by a hornet zombie (11 damage)
             ... on level 3 of the Dungeon.
             The game lasted 00:03:51 (2205 turns).

Norn the Slinger (Halfling Hunter)                  Turns: 2205, Time: 00:03:52

Health: -2/42      AC:  6    Str: 13    XL:     6   Next: 36%
Magic:  6/6        EV: 14    Int: 11    God:
Gold:   167        SH:  0    Dex: 15    Spells: 5/5 levels left

rFire    . . .     SeeInvis .   a - +1 hunting sling
rCold    . . .     Gourm    .   (shield restricted)
rNeg     . . .     Faith    .   g - +0 ring mail
rPois    .         Spirit   .   (no helmet)
rElec    .         Reflect  .   (no cloak)
rCorr    .         Harm     .   j - +0 pair of gloves
MR       .....                  (no boots)
Stlth    +.........             (no amulet)
HPRegen  0.14/turn              (no ring)
MPRegen  0.10/turn              (no ring)

@: no status effects
A: small, mutation resistance 1
a: no special abilities


You were on level 3 of the Dungeon.
You were not hungry.

You visited 1 branch of the dungeon, and saw 3 of its levels.

You collected 167 gold pieces.

Inventory:

Hand Weapons
 a - a +1 hunting sling (weapon)
 b - a +0 short sword
 t - a +0 falchion
   (You took it off an orc on level 3 of the Dungeon)
Missiles
 d - 10 sling bullets (quivered)
 f - 50 stones
Armour
 c - a +0 leather armour
 g - a +0 ring mail (worn)
   (You found it on level 1 of the Dungeon)
 j - a +0 pair of gloves (worn)
   (You found it on level 1 of the Dungeon)
Jewellery
 p - an uncursed ring of ice {unknown}
   (You found it on level 2 of the Dungeon)
Scrolls
 h - 2 scrolls of enchant armour {unknown}
 i - 6 scrolls of identify {unknown}
 l - 4 scrolls of teleportation {unknown}
 q - a scroll of immolation {unknown}
Potions
 k - a potion of heal wounds {unknown}
 m - a potion of ambrosia {unknown}
 n - 4 potions of might {unknown}
 o - a potion of curing {unknown}
 s - a potion of berserk rage {unknown}
Comestibles
 e - 6 rations {!d}
 r - 23 chunks of flesh


   Skills:
 + Level 3.2 Fighting
 * Level 8.4 Slings
 + Level 3.8 Dodging
 - Level 1.1 Stealth


You had 5 spell levels left.
You didn't know any spells.
Your spell library contained the following spells:

 Spells                   Type           Power        Failure   Level  Hunger
 Infusion                 Chrm           #...         61%         1    ##.....
 Shroud of Golubria       Chrm/Tloc      #.........   75%         2    ###....
 Song of Slaying          Chrm           #.......     75%         2    ###....
 Regeneration             Chrm/Necr      #.........   93%         3    ####...
 Spectral Weapon          Hex/Chrm       #.......     93%         3    ####...


Dungeon Overview and Level Annotations

Branches:
Dungeon (3/15)

Altars:
Fedhas
Kikubaaqudgha


Innate Abilities, Weirdness & Mutations

You are small and have problems with some larger weapons.
You are somewhat resistant to further mutation.


Message History

* * * LOW HITPOINT WARNING * * *
Quiver which item? (- for none, * to show all) (? for menu, Esc to quit)
Quivering
d - 19 sling bullets for slings.
Firing (i - inventory. (/) - cycle)
d - 19 sling bullets (quivered)
Aim: a hornet zombie (severely damaged)
You shoot a sling bullet.
The sling bullet hits the hornet zombie!
The hornet zombie barely misses you.
Firing (i - inventory. (/) - cycle)
d - 18 sling bullets (quivered)
Aim: a hornet zombie (almost destroyed)
You shoot a sling bullet.
The sling bullet barely misses the hornet zombie.
The hornet zombie misses you.
Firing (i - inventory. (/) - cycle)
d - 17 sling bullets (quivered)
Aim: a hornet zombie (almost destroyed)
You shoot a sling bullet.
The sling bullet hits the hornet zombie but does no damage.
The hornet zombie hits you but does no damage.
Firing (i - inventory. (/) - cycle)
d - 16 sling bullets (quivered)
Aim: a hornet zombie (almost destroyed)
You shoot a sling bullet.
The sling bullet hits the hornet zombie.
The hornet zombie misses you.
Firing (i - inventory. (/) - cycle)
d - 15 sling bullets (quivered)
Aim: a hornet zombie (almost destroyed)
You shoot a sling bullet.
The sling bullet hits the hornet zombie.
The hornet zombie closely misses you.
Firing (i - inventory. (/) - cycle)
d - 14 sling bullets (quivered)
Aim: a hornet zombie (almost destroyed)
You shoot a sling bullet.
The sling bullet barely misses the hornet zombie.
The hornet zombie hits you!
* * * LOW HITPOINT WARNING * * *
Firing (i - inventory. (/) - cycle)
d - 13 sling bullets (quivered)
Aim: a hornet zombie (almost destroyed)
You shoot a sling bullet.
The sling bullet hits the hornet zombie.
The hornet zombie closely misses you.
Firing (i - inventory. (/) - cycle)
d - 12 sling bullets (quivered)
Aim: a hornet zombie (almost destroyed)
You shoot a sling bullet.
The sling bullet closely misses the hornet zombie.
The hornet zombie completely misses you.
Firing (i - inventory. (/) - cycle)
d - 11 sling bullets (quivered)
Aim: a hornet zombie (almost destroyed)
You shoot a sling bullet.
The sling bullet hits the hornet zombie but does no damage.
The hornet zombie hits you!
You die...

### ######## ###.#
#......# ######...#
#......#
....)..#.######......#
........<.......@Z$.(#
###..###........##(###
#.)....#.#.####......
............. ...#.#.[.
###.###...######.._....#
....# ##..# ##.#.###
.#### ##.. .... .### #..
#. ...#


You could see a hornet zombie.

Vanquished Creatures
  An ogre (D:2)
  Natasha (thrice) (D:2)
  3 adders
  A worm (D:2)
  2 dart slugs (D:1)
  2 leopard geckos
  5 orcs (D:3)
  A ball python (D:1)
  6 bats
  3 giant cockroaches
  5 goblins
  5 hobgoblins
  2 jackals (D:2)
  5 frilled lizards
  5 kobolds
  A rat (D:3)
50 creatures vanquished.

Notes
Turn   | Place    | Note
-------+----------+-------------------------------------------
     0 | D:1      | Norn the Halfling Hunter began the quest for the Orb.
     0 | D:1      | Reached XP level 1. HP: 14/14 MP: 1/1
   145 | D:1      | Reached skill level 6 in Slings
   169 | D:1      | Reached XP level 2. HP: 18/19 MP: 2/2
   369 | D:1      | Reached XP level 3. HP: 24/24 MP: 3/3
  1143 | D:2      | Found a blossoming altar of Fedhas.
  1178 | D:2      | Noticed an ogre
  1503 | D:2      | Killed an ogre
  1503 | D:2      | Reached skill level 7 in Slings
  1503 | D:2      | Reached XP level 4. HP: 30/30 MP: 4/4
  1503 | D:2      | Reached XP level 5. HP: 35/35 MP: 5/5
  1635 | D:2      | Noticed Natasha
  1638 | D:2      | Killed Natasha
  1761 | D:2      | Noticed Natasha
  1767 | D:2      | Killed Natasha
  1767 | D:2      | Reached skill level 8 in Slings
  1767 | D:2      | Reached XP level 6. HP: 42/42 MP: 6/6
  1781 | D:2      | Noticed Natasha
  1788 | D:2      | Killed Natasha
  2173 | D:3      | Found an ancient bone altar of Kikubaaqudgha.
  2205 | D:3      | Slain by a hornet zombie

Skill      XL: |  1  2  3  4  5 |
---------------+----------------+-----
Slings         | 6 7 8 |  8.4
Fighting       | 2 3 |  3.2
Dodging        | 3 |  3.8
Stealth        | |  1.1

Action                   |  1- 3 |  4- 6 || total
-------------------------+-------+-------++-------
 Fire: Hunting sling     |    79 |   114 ||   193
  Eat: Chunk             |     1 |     3 ||     4
Armor: Leather armour    |     3 |       ||     3
       Ring mail         |     2 |     8 ||    10
Dodge: Dodged            |     9 |    37 ||    46
